 Dungeon Crawl Stone Soup version 0.25-a0-435-g4b9beb1024 (webtiles) character file.

Game seed: 1336355214491538480, levelgen mode: deterministic

191492 MisterFreud the Blocker (level 18, -16/143 HPs)
             Began as a Gnoll Fighter on Jan 25, 2020.
             Was the Champion of Ashenzari.
             Killed by the raging water
             ... invoked by a water nymph
              (20 damage)
             ... on level 4 of the Shoals on Jan 26, 2020.
             The game lasted 01:44:46 (34952 turns).

MisterFreud the Blocker (Gnoll Fighter)            Turns: 34952, Time: 01:44:48

Health: -16/143    AC: 18    Str: 18    XL:     18   Next: 20%
Magic:  22/33      EV: 18    Int: 17    God:    Ashenzari [******]
Gold:   875        SH: 21    Dex: 12    Spells: 16/40 levels left

rFire    . . .     SeeInvis +   P - +12 rapier of Exchange {venom, rN++ Dex-5} (curse)
rCold    . . .     Gourm    .   c - +1 shield (curse)
rNeg     + + .     Faith    .   b - +3 troll leather armour {Snorg}
rPois    +         Spirit   .   E - +0 helmet
rElec    +         Reflect  +   I - +0 cloak {rPois}
rCorr    +         Harm     .   D - +2 pair of gloves
MR       ++...     Clarity  +   Z - +1 pair of boots of a wizard's laboratory {+Fly rElec rCorr}
Stlth    +++.......             s - +6 amulet of reflection
HPRegen  0.73/turn              l - ring of wizardry (curse)
MPRegen  0.23/turn              G - ring of protection from magic

@: marked, deflect missiles, very slow
A: distributed training, fangs 1, strong nose
}: 1/15 runes: gossamer
a: Curse Item, Scrying, Renounce Religion, Evoke Flight


You were on level 4 of the Shoals.
You worshipped Ashenzari.
Ashenzari was exalted by your worship.
You were hungry.

You visited 5 branches of the dungeon, and saw 29 of its levels.
You also visited: Gauntlet.

You collected 3153 gold pieces.
You spent 2278 gold pieces at shops.

Inventory:

Hand Weapons
 P - the cursed +12 rapier of Exchange (weapon) {venom, rN++ Dex-5}
   (You took it off an orc on level 7 of the Dungeon)

   It poisons the flesh of those it strikes.
   It affects your dexterity (-5).
   It greatly protects you from negative energy.
   It has a curse placed upon it.
 X - a +1 demon trident of freezing
Missiles
 h - 13 silver javelins (quivered)
 v - 51 javelins
 x - 16 throwing nets
Armour
 b - a +3 troll leather armour (worn) {Snorg}
 c - a cursed +1 shield (worn)
 D - a +2 pair of gloves (worn)
 E - a +0 helmet (worn)
 I - a +0 cloak of poison resistance (worn)
 Z - the +1 pair of boots of a wizard's laboratory (worn) {+Fly rElec rCorr}
   (You found it on level 2 of the Spider Nest)

   It insulates you from electricity.
   It lets you fly.
   It provides partial protection from all sources of acid and corrosion.
   If you remove this armour, your AC will fall 2 points (18 -> 16)
Jewellery
 l - a cursed ring of wizardry (left hand)
 n - a cursed amulet of guardian spirit
 s - a +6 amulet of reflection (around neck)
 G - a ring of protection from magic (right hand)
 O - a +4 ring of evasion
Wands
 g - a wand of iceblast (11)
 i - a wand of enslavement (3)
 z - a wand of disintegration (15)
 K - a wand of flame (54)
 L - a wand of polymorph (9)
 M - a wand of paralysis (8)
 S - a wand of digging (10)
 T - a wand of acid (8)
Scrolls
 a - 14 scrolls of remove curse
 j - 8 scrolls of fog
 k - 4 scrolls of teleportation
 m - 3 scrolls of amnesia
 p - 3 scrolls of enchant armour
 q - 5 scrolls of enchant weapon
 y - a scroll of blinking
 B - a scroll of fear
 J - a scroll of holy word
 N - 5 scrolls of magic mapping
 Q - 8 scrolls of identify
Potions
 d - 3 potions of might
 e - 2 potions of cancellation
 o - 2 potions of resistance
 r - a potion of invisibility
 t - 7 potions of brilliance
 u - 7 potions of curing
 A - 9 potions of ambrosia
 F - a potion of heal wounds
 R - 4 potions of mutation
 U - 2 potions of agility
 V - a potion of flight
 Y - 4 potions of haste
Miscellaneous
 w - a phantom mirror
 W - a lamp of fire
Comestibles
 f - 37 rations


   Skills:
 + Level 13.2 Fighting
 + Level 12.5(16.7) Short Blades
 + Level 11.8 Long Blades
 + Level 11.8 Axes
 + Level 11.8 Maces & Flails
 + Level 11.8 Polearms
 + Level 11.8 Staves
 + Level 11.8 Slings
 + Level 11.8 Bows
 + Level 11.8 Crossbows
 + Level 11.8 Throwing
 + Level 13.2 Armour
 + Level 11.8 Dodging
 + Level 11.8 Stealth
 + Level 13.2(15.8) Shields
 + Level 11.8 Unarmed Combat
 + Level 11.8 Spellcasting
 + Level 10.1 Conjurations
 + Level 10.1 Hexes
 + Level 10.1 Charms
 + Level 10.1 Summonings
 + Level 10.1 Necromancy
 + Level 10.1 Translocations
 + Level 10.1 Transmutations
 + Level 10.1 Fire Magic
 + Level 10.1 Ice Magic
 + Level 10.1 Air Magic
 + Level 10.1 Earth Magic
 + Level 10.1 Poison Magic
 + Level 12.7 Invocations
 + Level 11.8 Evocations


You had 16 spell levels left.
You knew the following spells:

 Your Spells              Type           Power        Failure   Level  Hunger
a - Blink                 Tloc           N/A          1%          2    None
b - Deflect Missiles      Chrm/Air       #####.....   8%          6    ######.
c - Ozocubu's Armour      Chrm/Ice       #####...     1%          3    None
d - Spectral Weapon       Hex/Chrm       #####...     1%          3    None
e - Summon Lightning Spi  Summ/Air       #####...     1%          4    ##.....
f - Iron Shot             Conj/Erth      #####.....   8%          6    ######.

Your spell library contained the following spells:

 Spells                   Type           Power        Failure   Level  Hunger
 Animate Skeleton         Necr           N/A          1%          1    None
 Foxfire                  Conj/Fire      ####         1%          1    None
 Infusion                 Chrm           ####         1%          1    None
 Magic Dart               Conj           ####         1%          1    None
 Pain                     Necr           ####         1%          1    None
 Summon Small Mammal      Summ           ####         1%          1    None
 Call Imp                 Summ           #####...     1%          2    None
 Ensorcelled Hibernation  Hex/Ice        #####.       1%          2    None
 Passwall                 Tmut/Erth      #####...     1%          2    None
 Searing Ray              Conj           #####.       1%          2    None
 Shroud of Golubria       Chrm/Tloc      #####.       1%          2    None
 Slow                     Hex            #####...     1%          2    None
 Song of Slaying          Chrm           #####...     1%          2    None
 Sublimation of Blood     Necr           #####.....   1%          2    None
 Call Canine Familiar     Summ           #####...     1%          3    None
 Confusing Touch          Hex            #####...     1%          3    None
 Conjure Flame            Conj/Fire      #####...     1%          3    None
 Dazzling Flash           Conj/Hex       #####.       1%          3    None
 Gell's Gravitas          Tloc           #####.....   1%          3    None
 Ignite Poison            Fire/Tmut/Pois #####...     1%          3    None
 Inner Flame              Hex/Fire       #####...     1%          3    None
 Mephitic Cloud           Conj/Pois/Air  #####...     1%          3    None
 Summon Guardian Golem    Hex/Summ       #####...     1%          3    None
 Vampiric Draining        Necr           #####.....   1%          3    None
 Animate Dead             Necr           N/A          1%          4    ##.....
 Cause Fear               Hex            #####.....   1%          4    ##.....
 Fulminant Prism          Conj/Hex       #####.....   1%          4    ##.....
 Ice Form                 Ice/Tmut       #####...     1%          4    ##.....
 Iskenderun's Mystic Bla  Conj/Tloc      #####...     1%          4    ##.....
 Petrify                  Tmut/Erth      #####...     1%          4    ##.....
 Sticky Flame             Conj/Fire      #####...     1%          4    ##.....
 Summon Ice Beast         Ice/Summ       #####...     1%          4    ##.....
 Agony                    Necr           #####...     1%          5    ####...
 Alistair's Intoxication  Tmut/Pois      #####...     1%          5    ####...
 Aura of Abjuration       Summ           #####.....   1%          5    ####...
 Bolt of Magma            Conj/Fire/Erth #####.....   1%          5    ####...
 Excruciating Wounds      Chrm/Necr      #####.....   1%          5    ####...
 Fireball                 Conj/Fire      #####.....   1%          5    ####...
 Irradiate                Conj/Tmut      #####.....   1%          5    ####...
 Iskenderun's Battlesphe  Conj/Chrm      #####...     1%          5    ####...
 Metabolic Englaciation   Hex/Ice        #####.....   1%          5    ####...
 Silence                  Hex/Air        #####.....   1%          5    ####...
 Summon Demon             Summ           #####.....   1%          5    ####...
 Yara's Violent Unravell  Hex/Tmut       #####.....   1%          5    ####...
 Conjure Ball Lightning   Conj/Air       #####.....   8%          6    ######.
 Death Channel            Necr           #####.....   8%          6    ######.
 Eringya's Noxious Bog    Tmut/Pois      #####.....   8%          6    ######.
 Freezing Cloud           Conj/Ice/Air   #####.....   8%          6    ######.
 Ozocubu's Refrigeration  Ice            #####.....   8%          6    ######.
 Simulacrum               Ice/Necr       #####.....   8%          6    ######.
 Malign Gateway           Summ/Tloc      #####.....   38%         7    #######
 Orb of Destruction       Conj           #####.....   38%         7    #######
 Spellforged Servitor     Conj/Summ      #####.....   38%         7    #######
 Chain Lightning          Conj/Air       #####.....   95%         8    #######
 Discord                  Hex            #####.....   95%         8    #######
 Lehudib's Crystal Spear  Conj/Erth      #####.....   95%         8    #######
 Dragon's Call            Summ           #####.....   100%        9    #######
 Fire Storm               Conj/Fire      #####.....   100%        9    #######
 Glaciate                 Conj/Ice       #####.....   100%        9    #######
 Tornado                  Air            #####.....   100%        9    #######


Dungeon Overview and Level Annotations

Branches:
Dungeon (13/15)            Temple (0/1) D:5            Lair (6/6) D:10
 Shoals (4/4) Lair:2       Spider (4/4) Lair:2        Slime (0/5) Lair:6
    Orc (2/2) D:10            Elf (0/3) Orc:2       Gauntlet (visited)
 Vaults: D:13-14

Altars:
Ashenzari
Elyvilon
Makhleb
Nemelex Xobeh
Qazlal
Sif Muna
Uskayaw
Vehumet
Xom
Yredelemnul
Jiyva

Shops:
D:12 (   Orc:2 (:(*   Shoals:1 }   Shoals:3 %=

Annotations:
D:4 Pikel
D:5 2 runed translucent doors, emiel's ghost, amateur NaWn
Lair:1 exclusion: oklob plant


Innate Abilities, Weirdness & Mutations

Your experience applies equally to all skills.
You have very sharp teeth.
Your uncanny sense of smell can sniff out nearby items.


Message History

The water nymph drowns you!
Your unstable footing causes you to fumble your attack.
You block the merfolk's attack.
The merfolk javelineer throws a javelin.
The javelin misses you.
You hear a splash.
You hit the manticore but do no damage.
The manticore is poisoned.
You bite the manticore, but do no damage.
Your spectral weapon hits the manticore but does no damage.
The manticore looks as sick as possible!
The manticore bites you!
* * * LOW HITPOINT WARNING * * *
The manticore closely misses you. You block the manticore's attack.
The merfolk hits you with a +1 trident of freezing!!
* * * LOW HITPOINT WARNING * * *
The merfolk freezes you!
* * * LOW HITPOINT WARNING * * *
The water nymph points at you and mumbles some strange words.
The water swirls and strikes you!!
You die...

, * #.≈≈≈≈≈...{...≈≈≈≈≈≈.≈ ≈≈ ≈
,** #...≈≈≈.......≈≈≈≈≈≈≈≈ ≈≈
..# #...≈≈.H.≈{{...≈≈≈≈≈≈≈≈≈≈ ≈
..## #...≈≈..≈{{{{....≈≈≈.≈≈ ≈
≈≈ ≈..# #...≈≈.....{{.....≈≈.≈
≈≈ ≈≈ ≈≈.#
#....≈≈mtm{######..≈≈≈ ≈≈
≈≈.###....≈..mm#{.†.≈##.≈≈≈ ≈≈
≈
≈≈..##....≈≈.{#m#m...≈##≈≈≈≈≈≈≈
≈ ..≈.......≈≈≈#≈#@8≈#..≈#≈≈≈≈
≈ ≈ ..≈.......≈≈)#≈mH≈≈≈≈.≈#≈ ≈
≈ ≈ #..≈.......)[#≈≈(≈##≈≈≈# ≈
≈≈≈ #(.≈.P≈.≈..).#≈≈#≈#≈.≈≈# ≈
≈≈ ..≈P≈.≈PP).).#≈≈≈≈≈.≈#≈# ≈
≈≈ ..≈≈≈≈PP≈≈.P.##≈.≈≈≈#≈## ≈≈≈
≈≈ (≈≈≈≈≈PP≈P≈≈≈≈##≈≈≈≈≈##≈ ≈ ≈
≈ (≈≈≈≈≈≈≈≈≈≈≈≈≈≈###### ≈ ≈≈
≈≈≈ [..≈≈≈≈≈≈PPP≈≈≈≈≈≈≈≈≈≈≈ ≈≈
≈ ≈≈


You could see 2 merfolk javelineers, a snapping turtle, 4 merfolk, 2 manticores,
a water nymph, a friendly lightning spire and a friendly spectral +12 rapier of
Exchange {venom, rN++ Dex-5}.

Vanquished Creatures
  Arachne (Spider:3)
  Polyphemus (Shoals:3)
  Kirke (Shoals:3)
  A kraken (Shoals:1)
  Donald (Shoals:3)
  Ilsuiw (Shoals:2)
  3 ghost moths
  5 emperor scorpions
  Aizul (Spider:1)
  3 entropy weavers
  A stone giant (Orc:1)
  Azrael (Spider:3)
  2 spark wasps
  Snorg (Lair:4)
  2 merfolk javelineers
  9 merfolk impalers
  3 hydras
  2 catoblepae
  2 ogre magi (Orc:2)
  3 merfolk avatars
  9 two-headed ogres
  A centaur warrior (Shoals:2)
  2 merfolk aquamancers
  4 death yaks
  A death knight (D:12)
  A satyr (Shoals:3)
  An orc high priest (Orc:1)
  2 unseen horrors
  16 sea snakes
  2 deep trolls
  2 phantasmal warriors (D:12)
  11 harpies
  12 orb spiders
  2 orc knights
  30 wolf spiders
  4 ugly things
  3 cyclopes
  3 manticores
  11 fauns
  An orc sorcerer (Orc:1)
  7 merfolk sirens
  4 moths of wrath
  An ice statue (Lair:4)
  3 elephants (Lair:6)
  2 water nymphs
  5 black mambas
  4 gargoyles
  6 spiny frogs
  4 torpor snails
  4 rime drakes
  2 freezing wraiths
  21 demonic crawlers
  A yaktaur (Shoals:2)
  12 komodo dragons
  15 jumping spiders
  32 merfolk
  13 trolls
  4 polar bears
  6 wind drakes
  3 snapping turtles
  4 dream sheep (Lair:5)
  10 hornets
  10 blink frogs
  8 hippogriffs
  79 redbacks
  2 wyverns (Lair:6)
  Eustachio (D:4)
  A hog (Shoals:3)
  20 tarantellas
  A wraith (D:10)
  27 yaks
  11 water elementals
  3 basilisks
  2 fire elementals (Spider:3)
  A vampire (D:13)
  3 vampire mosquitoes (D:12)
  A human (Spider:1)
  A steam dragon (D:8)
  3 wargs
  A soldier ant (Spider:4)
  An acid dragon (D:13)
  9 water moccasins
  2 hell hounds (Spider:3)
  3 sky beasts
  11 ice beasts
  8 porcupines
  16 orc warriors
  A black bear (Spider:4)
  24 ogres
  A slave (D:3)
  5 phantoms
  A necrophage (D:12)
  19 centaurs
  10 crocodiles
  2 big kobolds
  23 bullfrogs
  A wyvern zombie (D:9)
  A gnoll sergeant (D:9)
  A water moccasin zombie (D:9)
  A wyvern skeleton (D:13)
  10 killer bees
  9 wights
  4 scorpions
  3 electric eels
  3 howler monkeys
  11 crimson imps
  A bullfrog zombie (D:7)
  5 hounds
  13 orc priests
  Crazy Yiuf (D:3)
  3 bullfrog skeletons (D:10)
  A gnoll shaman (D:5)
  3 jellies
  21 orc wizards
  3 centaur skeletons
  3 iguanas
  Terence (D:2)
  12 worker ants
  6 hell rats (Lair:4)
  A killer bee zombie (D:7)
  9 adders
  16 gnolls
  5 shadow imps
  3 white imps (Lair:4)
  4 dart slugs
  8 leopard geckos
  98 orcs
  3 giant cockroaches
  4 goblins
  10 hobgoblins
  13 jackals
  7 quokkas
  A ball python skeleton (D:4)
  3 bats
  8 frilled lizards
  A jackal skeleton (D:8)
  15 kobolds
  A quokka skeleton (D:5)
  6 rats
  4 tentacles (Shoals:1)
973 creatures vanquished.

Vanquished Creatures (collateral kills)
  2 emperor scorpions (Spider:4)
  An entropy weaver (Spider:4)
  2 merfolk javelineers
  A merfolk impaler (Shoals:1)
  A merfolk avatar (Shoals:3)
  A sea snake (Shoals:3)
  An orb spider (Spider:1)
  A harpy (Shoals:4)
  A wolf spider (Spider:4)
  A faun (Shoals:1)
  A manticore (Shoals:4)
  A water nymph (Shoals:3)
  A demonic crawler (Spider:1)
  A jumping spider (Spider:4)
  6 merfolk
  A snapping turtle (Shoals:4)
  5 redbacks
  4 tarantellas
  A water elemental (Shoals:4)
  A fire elemental (Spider:3)
  2 hell hounds (Spider:3)
  A fungus (Lair:3)
  A tentacle (Shoals:1)
38 creatures vanquished.

Vanquished Creatures (others)
  3 merfolk
  A human (Shoals:3)
  A shadow imp (D:6)
  A bush (Lair:4)
  12 fungi
  17 plants
  9 spectral weapons
  6 tentacles (Shoals:1)
50 creatures vanquished.

Grand Total: 1061 creatures vanquished

Notes
Turn   | Place    | Note
-------+----------+-------------------------------------------
     0 | D:1      | MisterFreud the Gnoll Fighter began the quest for the Orb.
     0 | D:1      | Reached XP level 1. HP: 23/23 MP: 1/1
   221 | D:1      | Reached XP level 2. HP: 27/29 MP: 2/2
   712 | D:2      | Reached XP level 3. HP: 35/35 MP: 3/3
   851 | D:2      | Noticed Terence
   874 | D:2      | Killed Terence
   874 | D:2      | Reached skill level 1 in Long Blades
   874 | D:2      | Reached skill level 1 in Axes
   874 | D:2      | Reached skill level 1 in Maces & Flails
   874 | D:2      | Reached skill level 1 in Polearms
   874 | D:2      | Reached skill level 1 in Staves
   874 | D:2      | Reached skill level 1 in Slings
   874 | D:2      | Reached skill level 1 in Bows
   874 | D:2      | Reached skill level 1 in Crossbows
   874 | D:2      | Reached skill level 1 in Throwing
   874 | D:2      | Reached skill level 1 in Dodging
   874 | D:2      | Reached skill level 1 in Stealth
   874 | D:2      | Reached skill level 1 in Unarmed Combat
   874 | D:2      | Reached skill level 1 in Spellcasting
   874 | D:2      | Reached skill level 1 in Invocations
   874 | D:2      | Reached skill level 1 in Evocations
  1174 | D:2      | Reached XP level 4. HP: 36/41 MP: 5/5
  1788 | D:3      | Reached skill level 1 in Conjurations
  1788 | D:3      | Reached skill level 1 in Hexes
  1788 | D:3      | Reached skill level 1 in Charms
  1788 | D:3      | Reached skill level 1 in Summonings
  1788 | D:3      | Reached skill level 1 in Necromancy
  1788 | D:3      | Reached skill level 1 in Translocations
  1788 | D:3      | Reached skill level 1 in Transmutations
  1788 | D:3      | Reached skill level 1 in Fire Magic
  1788 | D:3      | Reached skill level 1 in Ice Magic
  1788 | D:3      | Reached skill level 1 in Air Magic
  1788 | D:3      | Reached skill level 1 in Earth Magic
  1788 | D:3      | Reached skill level 1 in Poison Magic
  1996 | D:3      | Found a shattered altar of Ashenzari.
  2171 | D:3      | Reached XP level 5. HP: 47/47 MP: 6/6
  2490 | D:3      | Became a worshipper of Ashenzari the Shackled
  2619 | D:3      | Found a runed translucent door.
  2620 | D:3      | Noticed Crazy Yiuf
  2625 | D:3      | Killed Crazy Yiuf
  2745 | D:4      | Noticed a slave
  2745 | D:4      | Noticed Pikel
  2745 | D:4      | Noticed a slave
  2746 | D:4      | Noticed a slave
  2761 | D:3      | Killed a slave
  2849 | D:4      | Reached XP level 6. HP: 49/53 MP: 8/8
  2951 | D:4      | Noticed a slave
  2967 | D:5      | Entered Level 5 of the Dungeon
  3234 | D:5      | Found a stormy altar of Qazlal.
  3289 | D:5      | Reached skill level 5 in Short Blades
  3744 | D:4      | Noticed a phantom
  3762 | D:4      | Killed a phantom
  3762 | D:4      | Reached XP level 7. HP: 54/59 MP: 10/10
  3792 | D:4      | Noticed Eustachio
  3834 | D:4      | Killed Eustachio
  4213 | D:5      | Reached XP level 8. HP: 57/67 MP: 12/12
  4283 | D:5      | Found a runed translucent door.
  4286 | D:5      | Noticed emiel's ghost (amateur NaWn)
  4322 | D:5      | Found a shimmering blue altar of Sif Muna.
  4322 | D:5      | Found a shimmering altar of Xom.
  4702 | D:5      | Found a staircase to the Ecumenical Temple.
  4704 | D:5      | Reached * piety under Ashenzari
  4947 | D:5      | Found a runed translucent door.
  5066 | D:5      | Found a hide-covered altar of Uskayaw.
  5569 | D:6      | Reached XP level 9. HP: 72/72 MP: 14/14
  5786 | D:6      | Found a radiant altar of Vehumet.
  5803 | D:6      | Reached ** piety under Ashenzari
  6173 | D:7      | Paralysed by an orc wizard for 3 turns
  6174 | D:7      | Identified the +12 rapier of Exchange {venom, rN++ Dex-5}
  6569 | D:7      | Reached skill level 5 in Invocations
  6812 | D:8      | Reached XP level 10. HP: 80/80 MP: 17/17
  6871 | D:8      | Found a sparkling altar of Nemelex Xobeh.
  6973 | D:8      | Found a white marble altar of Elyvilon.
  7027 | D:8      | Found a basalt altar of Yredelemnul.
  7310 | D:8      | Reached skill level 5 in Long Blades
  7310 | D:8      | Reached skill level 5 in Axes
  7310 | D:8      | Reached skill level 5 in Maces & Flails
  7310 | D:8      | Reached skill level 5 in Polearms
  7310 | D:8      | Reached skill level 5 in Staves
  7310 | D:8      | Reached skill level 5 in Slings
  7310 | D:8      | Reached skill level 5 in Bows
  7310 | D:8      | Reached skill level 5 in Crossbows
  7310 | D:8      | Reached skill level 5 in Throwing
  7310 | D:8      | Reached skill level 5 in Dodging
  7310 | D:8      | Reached skill level 5 in Stealth
  7310 | D:8      | Reached skill level 5 in Unarmed Combat
  7310 | D:8      | Reached skill level 5 in Spellcasting
  7310 | D:8      | Reached skill level 5 in Evocations
  7643 | D:9      | Noticed a two-headed ogre
  7653 | D:9      | Killed a two-headed ogre
  8425 | D:9      | Reached XP level 11. HP: 87/87 MP: 19/19
  8674 | D:10     | Entered Level 10 of the Dungeon
  8692 | D:10     | Noticed an unseen horror
  8707 | D:10     | Killed an unseen horror
  8977 | D:10     | Found a staircase to the Orcish Mines.
  9065 | D:10     | Reached skill level 5 in Conjurations
  9065 | D:10     | Reached skill level 5 in Hexes
  9065 | D:10     | Reached skill level 5 in Charms
  9065 | D:10     | Reached skill level 5 in Summonings
  9065 | D:10     | Reached skill level 5 in Necromancy
  9065 | D:10     | Reached skill level 5 in Translocations
  9065 | D:10     | Reached skill level 5 in Transmutations
  9065 | D:10     | Reached skill level 5 in Fire Magic
  9065 | D:10     | Reached skill level 5 in Ice Magic
  9065 | D:10     | Reached skill level 5 in Air Magic
  9065 | D:10     | Reached skill level 5 in Earth Magic
  9065 | D:10     | Reached skill level 5 in Poison Magic
  9239 | D:10     | Reached *** piety under Ashenzari
  9466 | D:10     | Found a staircase to the Lair.
  9555 | D:10     | Found a sparkling altar of Nemelex Xobeh.
  9595 | Lair:1   | Entered Level 1 of the Lair of Beasts
 10189 | Lair:1   | Noticed an oklob plant
 10339 | Lair:2   | Found a gate leading to a gauntlet.
 10353 | Gauntlet | Entered a Gauntlet
 10353 | Gauntlet | Found a transporter.
 10353 | Gauntlet | Found a transporter.
 10353 | Gauntlet | Found a transporter.
 10353 | Gauntlet | Noticed a hell hog
 10354 | Gauntlet | Upgraded the game from 0.25-a0-429-g4e4398398a to
                  | 0.25-a0-435-g4b9beb1024
 10376 | Gauntlet | Found a transporter.
 10391 | Gauntlet | Noticed a sixfirhy
 10396 | Gauntlet | Found a transporter.
 10403 | Gauntlet | Identified the ring "Vimadion" {rPois Stlth+}
 10403 | Gauntlet | Noticed a sixfirhy
 10414 | Gauntlet | Found a transporter.
 10414 | Gauntlet | Noticed a shining eye
 10420 | Gauntlet | Found a transporter.
 10428 | Gauntlet | Found a transporter.
 10446 | Gauntlet | Found a transporter.
 10454 | Gauntlet | Found a transporter.
 10472 | Gauntlet | Found a transporter.
 10505 | Lair:2   | Found a hole to the Spider Nest.
 10548 | Lair:2   | Found a staircase to the Shoals.
 10983 | Lair:2   | Reached **** piety under Ashenzari
 11885 | Lair:3   | Reached XP level 12. HP: 96/96 MP: 22/22
 12831 | Lair:4   | Learned a level 2 spell: Blink
 12860 | Lair:4   | Noticed a seven-headed hydra
 12882 | Lair:4   | Killed a seven-headed hydra
 13194 | Lair:4   | Noticed Snorg
 13205 | Lair:4   | Killed Snorg
 13271 | Lair:4   | Reached ***** piety under Ashenzari
 13894 | Lair:4   | Identified the Reference Book on Confrontation and
                  | Bewitchment
 13900 | Lair:4   | Identified Ciucor's Papyrus of Clay and Augmentations
 14462 | Lair:5   | Reached skill level 10 in Fighting
 14462 | Lair:5   | Reached skill level 10 in Armour
 14462 | Lair:5   | Reached skill level 10 in Shields
 14555 | Lair:5   | Noticed a death yak
 14592 | Lair:5   | Killed a death yak
 14799 | Lair:5   | Reached XP level 13. HP: 78/103 MP: 24/24
 15393 | Lair:5   | Learned a level 6 spell: Deflect Missiles
 15442 | Lair:6   | Entered Level 6 of the Lair of Beasts
 17120 | Lair:6   | Found a staircase to the Slime Pits.
 17121 | Lair:6   | Found a viscous altar of Jiyva.
 17806 | Lair:6   | Learned a level 3 spell: Ozocubu's Armour
 18699 | D:12     | Identified the cursed +1 morningstar of Turmoil {flame,
                  | *Noise rPois MR+++ Dex+3}
 18940 | D:12     | Found Dontish's Antique Weapon Shop.
 19077 | D:12     | Reached XP level 14. HP: 58/111 MP: 26/26
 19228 | D:12     | Reached ****** piety under Ashenzari
 20123 | D:13     | Reached skill level 10 in Short Blades
 21290 | Orc:1    | Entered Level 1 of the Orcish Mines
 21412 | Lair:4   | Learned a level 3 spell: Spectral Weapon
 21831 | Orc:1    | Noticed a stone giant
 21853 | Orc:1    | Killed a stone giant
 22179 | Orc:2    | Entered Level 2 of the Orcish Mines
 22354 | Orc:1    | Reached skill level 10 in Invocations
 22580 | Orc:2    | Found a burning altar of Makhleb.
 22978 | Orc:2    | Reached XP level 15. HP: 114/119 MP: 20/28
 23230 | Orc:2    | Found Vagh's Weapon Emporium.
 23231 | Orc:2    | Found a staircase to the Elven Halls.
 23235 | Orc:2    | Found Mur Mokh's Weapon Shoppe.
 23236 | Orc:2    | Found Igikhyez's Assorted Antiques.
 23248 | Orc:2    | Found Uhagi's Book Shoppe.
 23251 | Orc:2    | Bought a scroll labeled TAUWUM REOTHU for 34 gold pieces
 23252 | Orc:2    | Bought an embroidered cloak for 255 gold pieces
 23273 | Orc:2    | Bought a book of Callings for 480 gold pieces
 23278 | Orc:2    | Learned a level 4 spell: Summon Lightning Spire
 23574 | Spider:1 | Entered Level 1 of the Spider Nest
 24303 | Spider:1 | Noticed Aizul
 24315 | Spider:1 | Killed Aizul
 24554 | Spider:1 | Noticed an emperor scorpion
 24586 | Spider:1 | Killed an emperor scorpion
 24852 | Spider:2 | Reached skill level 10 in Long Blades
 24852 | Spider:2 | Reached skill level 10 in Axes
 24852 | Spider:2 | Reached skill level 10 in Maces & Flails
 24852 | Spider:2 | Reached skill level 10 in Polearms
 24852 | Spider:2 | Reached skill level 10 in Staves
 24852 | Spider:2 | Reached skill level 10 in Slings
 24852 | Spider:2 | Reached skill level 10 in Bows
 24852 | Spider:2 | Reached skill level 10 in Crossbows
 24852 | Spider:2 | Reached skill level 10 in Throwing
 24852 | Spider:2 | Reached skill level 10 in Dodging
 24852 | Spider:2 | Reached skill level 10 in Stealth
 24852 | Spider:2 | Reached skill level 10 in Unarmed Combat
 24852 | Spider:2 | Reached skill level 10 in Spellcasting
 24852 | Spider:2 | Reached skill level 10 in Evocations
 25131 | Spider:2 | Got the uncursed pair of boots of a wizard's laboratory
                  | {+Fly rElec rCorr}
 25142 | Spider:2 | Identified the +1 pair of boots of a wizard's laboratory
                  | {+Fly rElec rCorr} (You found it on level 2 of the Spider
                  | Nest)
 25148 | Spider:2 | Noticed a ghost moth
 25328 | Spider:2 | Killed a ghost moth
 25763 | Spider:3 | Noticed an emperor scorpion
 25780 | Spider:3 | Killed an emperor scorpion
 26231 | Spider:3 | Reached XP level 16. HP: 123/127 MP: 30/30
 26480 | Spider:3 | Noticed Azrael
 26505 | Spider:3 | Killed Azrael
 26583 | Spider:3 | Noticed Arachne
 26616 | Spider:3 | Killed Arachne
 27331 | Spider:3 | Identified 3 scrolls of acquirement
 27331 | Spider:3 | Identified the cursed +0 pair of gloves of the Trees {rN+
                  | Str+7} (You acquired it on level 3 of the Spider Nest)
 27331 | Spider:3 | Identified the Disquisition on Evil Magic and Companions
                  | (You acquired it on level 3 of the Spider Nest)
 27334 | Spider:3 | Identified the cursed +0 pair of boots of Responsibility
                  | {rC+} (You acquired it on level 3 of the Spider Nest)
 27375 | Spider:4 | Entered Level 4 of the Spider Nest
 27593 | Spider:4 | Learned a level 6 spell: Iron Shot
 28688 | Spider:4 | Got a gossamer rune of Zot
 29197 | Shoals:1 | Entered Level 1 of the Shoals
 29214 | Shoals:1 | Reached XP level 17. HP: 119/135 MP: 32/32
 29447 | Shoals:1 | Noticed a kraken
 30105 | Shoals:1 | Found Misear's Gadget Boutique.
 30270 | Shoals:1 | Bought a wand of digging (4) for 240 gold pieces
 30270 | Shoals:1 | Bought a phantom mirror for 450 gold pieces
 30296 | Shoals:1 | Killed a kraken
 30748 | Shoals:2 | Noticed Ilsuiw
 30784 | Shoals:2 | Killed Ilsuiw
 31663 | Shoals:3 | Noticed Donald
 31671 | Shoals:3 | HP: 3/135 [merfolk impaler/+4 vorpal trident (5)]
 32113 | Shoals:3 | Noticed Polyphemus
 32223 | Shoals:3 | Found Cisan's Jewellery Boutique.
 32232 | Shoals:3 | Bought a +6 amulet of reflection for 819 gold pieces
 32340 | Shoals:3 | Noticed Kirke
 32379 | Shoals:3 | Killed Polyphemus
 32893 | Shoals:3 | Killed Kirke
 32951 | Shoals:3 | Killed Donald
 33015 | Shoals:3 | Reached skill level 10 in Conjurations
 33015 | Shoals:3 | Reached skill level 10 in Hexes
 33015 | Shoals:3 | Reached skill level 10 in Charms
 33015 | Shoals:3 | Reached skill level 10 in Summonings
 33015 | Shoals:3 | Reached skill level 10 in Necromancy
 33015 | Shoals:3 | Reached skill level 10 in Translocations
 33015 | Shoals:3 | Reached skill level 10 in Transmutations
 33015 | Shoals:3 | Reached skill level 10 in Fire Magic
 33015 | Shoals:3 | Reached skill level 10 in Ice Magic
 33015 | Shoals:3 | Reached skill level 10 in Air Magic
 33015 | Shoals:3 | Reached skill level 10 in Earth Magic
 33015 | Shoals:3 | Reached skill level 10 in Poison Magic
 33278 | Shoals:3 | Found Yvah's Food Shop.
 33690 | Shoals:4 | Entered Level 4 of the Shoals
 33718 | Shoals:4 | Reached XP level 18. HP: 77/143 MP: 26/33
 34875 | Shoals:4 | Identified the Compendium of Unstable Stolen Souls
 34893 | Shoals:4 | Found Waasamid's Armour Boutique.
 34952 | Shoals:4 | HP: 4/143 [merfolk/+1 trident of freezing (9)]
 34952 | Shoals:4 | Killed from afar by a water nymph

Levels and vault maps discovered:
D:1:      minmay_arrival_stone_box, layout_loops_ring, nrook_loot_triangle
D:2:      minmay_wonky_spiral, layout_basic, serial_bayou_lagoon_a, uniq_terence
D:3:      layout_basic, first_ration, nicolae_ashenzari_panopticon,
          uniq_crazy_yiuf_cottage
D:4:      minmay_chambers_of_twos, layout_cave_pools, uniq_pikel, uniq_eustachio
D:5:      layout_basic, gammafunk_temple_overflow_elements,
          eat_drink_and_be_merry_uskayaw, minmay_temple_entry_antechambers,
          ebering_ghost_sewer_f, nicolae_qazlal_general_emergency
D:6:      layout_rooms, fiery_altar_vehumet
D:7:      layout_rooms
D:8:      layout_rooms, kennysheep_ying_yang, nemelex_xobeh_ov_fountains_minmay,
          grunt_ogre_cave, kennysheep_generic_room_2
D:9:      layout_loops_ring
D:10:     layout_loops_corners, grunt_lair_entry_orc_guard_hut,
          hiddenorc1_lemuel, nemelex_diamond_rough_becter
D:11:     layout_long_grid
D:12:     minmay_general_purpose_star, layout_loops_ring, serial_shops,
          nicolae_shop_overgrown_old_shop
D:13:     layout_grid_maze
Lair:1:   layout_misc_corridors, minivault_23, pond, minmay_lair_oklob_chamber,
          grunt_megastairs_2
Lair:2:   layout_big_grid, minmay_shoals_entry_centaurs,
          spider_nest_entry_web_field, gauntlet_entry_generic
Lair:3:   layout_layer_cave, chequers_serial_rivers_large_a
Lair:4:   layout_long_grid, ice2_lemuel, uniq_snorg
Lair:5:   statuecave_lemuel, layout_misc_corridors, serial_bayou_shore_a
Lair:6:   gammafunk_lair_ancient_temple, layout_cave_pods, slime_altar_1
Shoals:1: layout_shoals, serial_shops, nicolae_shop_waterfront
Shoals:2: layout_shoals, centaur_isle, uniq_ilsuiw
Shoals:3: layout_shoals, serial_shops, shop, minmay_shop_enchanted_jewellery,
          nicolae_shoals_cliffside_cave, uniq_polyphemus, uniq_kirke,
          uniq_donald
Shoals:4: shoals_end_hangedman, layout_shoals, serial_shops, shop_statue
Spider:1: layout_spider_delve, uniq_aizul
Spider:2: layout_spider_delve
Spider:3: layout_chambers, uniq_azrael, uniq_arachne
Spider:4: guppyfry_spider_rune
Orc:1:    layout_caves
Orc:2:    st_orc_open, layout_caves, basic_altar

Skill      XL: |  1  2  3  4  5  6  7  8  9 10 11 12 13 14 15 16 17 |
---------------+----------------------------------------------------+-----
Long Blades    | 1 2 3 4 5 6 7 8 9 10 11 | 11.8
Axes           | 1 2 3 4 5 6 7 8 9 10 11 | 11.8
Maces & Flails | 1 2 3 4 5 6 7 8 9 10 11 | 11.8
Polearms       | 1 2 3 4 5 6 7 8 9 10 11 | 11.8
Staves         | 1 2 3 4 5 6 7 8 9 10 11 | 11.8
Slings         | 1 2 3 4 5 6 7 8 9 10 11 | 11.8
Bows           | 1 2 3 4 5 6 7 8 9 10 11 | 11.8
Crossbows      | 1 2 3 4 5 6 7 8 9 10 11 | 11.8
Throwing       | 1 2 3 4 5 6 7 8 9 10 11 | 11.8
Dodging        | 1 2 3 4 5 6 7 8 9 10 11 | 11.8
Stealth        | 1 2 3 4 5 6 7 8 9 10 11 | 11.8
Unarmed Combat | 1 2 3 4 5 6 7 8 9 10 11 | 11.8
Spellcasting   | 1 2 3 4 5 6 7 8 9 10 11 | 11.8
Invocations    | 1 2 3 4 5 6 7 8 9 10 11 12 | 12.7
Evocations     | 1 2 3 4 5 6 7 8 9 10 11 | 11.8
Conjurations   | 1 2 3 4 5 6 7 8 9 10 | 10.1
Hexes          | 1 2 3 4 5 6 7 8 9 10 | 10.1
Charms         | 1 2 3 4 5 6 7 8 9 10 | 10.1
Summonings     | 1 2 3 4 5 6 7 8 9 10 | 10.1
Necromancy     | 1 2 3 4 5 6 7 8 9 10 | 10.1
Translocations | 1 2 3 4 5 6 7 8 9 10 | 10.1
Transmutations | 1 2 3 4 5 6 7 8 9 10 | 10.1
Fire Magic     | 1 2 3 4 5 6 7 8 9 10 | 10.1
Ice Magic      | 1 2 3 4 5 6 7 8 9 10 | 10.1
Air Magic      | 1 2 3 4 5 6 7 8 9 10 | 10.1
Earth Magic    | 1 2 3 4 5 6 7 8 9 10 | 10.1
Poison Magic   | 1 2 3 4 5 6 7 8 9 10 | 10.1
Short Blades   | 5 6 7 8 9 10 11 12 | 12.5
Fighting       | 7 8 9 10 11 12 13 | 13.2
Armour         | 7 8 9 10 11 12 13 | 13.2
Shields        | 7 8 9 10 11 12 13 | 13.2

Action                   |  1- 3 |  4- 6 |  7- 9 | 10-12 | 13-15 | 16-18 || total
-------------------------+-------+-------+-------+-------+-------+-------++-------
Melee: Rapier            |    58 |       |    33 |   640 |  1328 |  1247 ||  3306
       Bite              |     2 |    14 |    41 |    67 |   158 |   136 ||   418
       Hand axe          |     3 |   146 |   307 |       |       |       ||   456
 Fire: Hunting sling     |     5 |       |       |       |       |       ||     5
Throw: Dart              |     3 |       |       |     9 |    38 |       ||    50
       Throwing net      |       |       |       |     1 |       |       ||     1
       Javelin           |       |       |       |       |       |     3 ||     3
 Cast: Ozocubu's Armour  |       |       |       |       |    18 |    14 ||    32
       Spectral Weapon   |       |       |       |       |    18 |    21 ||    39
       Deflect Missiles  |       |       |       |       |     2 |     9 ||    11
       Summon Lightning  |       |       |       |       |     9 |    49 ||    58
       Blink             |       |       |       |       |     2 |       ||     2
Invok: Curse Item        |       |     1 |     2 |       |       |       ||     3
 Abil: Stop Flying       |       |       |       |       |       |     1 ||     1
       Evoke Flight      |       |       |       |       |       |     1 ||     1
Evoke: Wand              |       |       |     4 |       |    13 |    18 ||    35
       Lamp of fire      |       |       |       |       |     1 |       ||     1
  Use: Scroll            |       |       |     9 |    16 |     6 |     9 ||    40
       Potion            |       |       |       |    11 |       |     2 ||    13
 Stab: Sleeping          |       |       |       |     7 |    12 |     8 ||    27
       Invisible         |       |       |       |     4 |       |       ||     4
       Held in net/web   |       |       |       |     1 |       |     1 ||     2
       Distracted        |       |       |       |       |     4 |    23 ||    27
  Eat: Chunk             |       |     9 |    10 |    22 |    29 |    28 ||    98
       Ration            |       |       |       |     1 |     3 |     2 ||     6
Armor: Scale mail        |     8 |    57 |   102 |    63 |       |       ||   230
       Chain mail        |       |       |       |    67 |    94 |       ||   161
       Troll leather arm |       |       |       |       |   124 |   243 ||   367
Dodge: Dodged            |    10 |    36 |   103 |   137 |   455 |   672 ||  1413
       Deflected         |       |       |       |       |    10 |    67 ||    77
Block: Shield            |    26 |    78 |   189 |   263 |   640 |   940 ||  2136
       Reflection        |       |       |       |       |       |    34 ||    34
       Other             |       |       |       |       |       |     1 ||     1

Table legend:
 A = Non-vault XP
 B = Vault XP
 C = Vault XP percentage of total XP
 D = Non-vault monster count
 E = Vault monster count
 F = Vault count percentage of total count
                 A         B        C        D         E       F
            +---------+---------+-------+---------+---------+-------
      Total |  179243 |   79489 |  30.7 |     806 |     201 |  20.0
            +---------+---------+-------+---------+---------+-------
        D:1 |      30 |       0 |   0.0 |      15 |       0 |   0.0
        D:2 |      33 |      55 |  62.5 |      12 |       6 |  33.3
        D:3 |     134 |      41 |  23.4 |      27 |       1 |   3.6
        D:4 |     157 |     286 |  64.6 |       8 |       4 |  33.3
        D:5 |    1061 |       0 |   0.0 |      44 |       0 |   0.0
        D:6 |     923 |       0 |   0.0 |      19 |       0 |   0.0
        D:7 |    1930 |       0 |   0.0 |      38 |       0 |   0.0
        D:8 |    1348 |     125 |   8.5 |      27 |       1 |   3.6
        D:9 |    3685 |       0 |   0.0 |      34 |       0 |   0.0
       D:10 |    2628 |     828 |  24.0 |      18 |      22 |  55.0
       D:11 |    1933 |       0 |   0.0 |      21 |       0 |   0.0
       D:12 |    6799 |    1038 |  13.2 |      38 |       2 |   5.0
       D:13 |    8640 |       0 |   0.0 |      38 |       0 |   0.0
     Lair:1 |    1047 |     523 |  33.3 |       4 |       5 |  55.6
     Lair:2 |    3310 |     339 |   9.3 |      13 |       3 |  18.8
     Lair:3 |    1812 |       0 |   0.0 |       8 |       0 |   0.0
     Lair:4 |    4611 |    3532 |  43.4 |      22 |      15 |  40.5
     Lair:5 |    5765 |       0 |   0.0 |      23 |       0 |   0.0
     Lair:6 |    4671 |   10842 |  69.9 |      18 |      26 |  59.1
   Shoals:1 |   18444 |       0 |   0.0 |      37 |       0 |   0.0
   Shoals:2 |    9345 |    6554 |  41.2 |      16 |      12 |  42.9
   Shoals:3 |   17186 |    9313 |  35.1 |      35 |       8 |  18.6
   Shoals:4 |   14141 |    2714 |  16.1 |      34 |       8 |  19.0
   Spider:1 |   15992 |    1351 |   7.8 |      47 |       1 |   2.1
   Spider:2 |    8486 |       0 |   0.0 |      28 |       0 |   0.0
   Spider:3 |   22808 |    4677 |  17.0 |      62 |       9 |  12.7
   Spider:4 |   14632 |   21727 |  59.8 |      45 |      41 |  47.7
      Orc:1 |    5645 |    2815 |  33.3 |      45 |       7 |  13.5
      Orc:2 |    2047 |   12729 |  86.1 |      30 |      30 |  50.0
            +---------+---------+-------+---------+---------+-------
